 Dungeon Crawl Stone Soup version 0.28-a0-422-gd71735cc25 (webtiles) character file.

Game seed: 13884577690201233634

79 siradein the Magician (level 4, -1/24 HPs)
             Began as a Deep Elf Air Elementalist on Sept 8, 2021.
             Succumbed to an adder's poison
             ... on level 2 of the Dungeon.
             The game lasted 00:05:25 (1631 turns).

siradein the Magician (Deep Elf Air Elementalist)   Turns: 1631, Time: 00:05:25

Health: -1/24      AC:  3    Str:  5    XL:     4   Next: 17%
Magic:  1/12       EV: 12    Int: 21    God:
Gold:   46         SH:  0    Dex: 15    Spells: 5/11 levels left

rFire   . . .      SeeInvis .   (no weapon)
rCold   . . .      Faith    .   (no shield)
rNeg    . . .      Spirit   .   a - +0 robe
rPois   .          Reflect  .   j - +0 helmet
rElec   .          Harm     .   (no cloak)
rCorr   .          Rampage  .   (no gloves)
Will    .....                   (no boots)
Stlth   ++........              (no amulet)
HPRegen 0.08/turn               (no ring)
MPRegen 0.13/turn               (no ring)

@: lethally poisoned (-1 -> -8)
A: no striking features
a: no special abilities


You were on level 2 of the Dungeon.
You visited 1 branch of the dungeon, and saw 2 of its levels.

You collected 46 gold pieces.

Inventory:

Armour
 a - a +0 robe (worn)
 j - a +0 helmet (worn)
Scrolls
 d - 2 scrolls of teleportation {unknown}
 g - 2 scrolls of identify {unknown}
 h - 2 scrolls of magic mapping {unknown}
Potions
 b - a potion of berserk rage {unknown}
 c - 2 potions of might {unknown}
 e - a potion of attraction {unknown}
 f - a potion of ambrosia {unknown}
 i - a potion of brilliance {unknown}


   Skills:
 - Level 2.4 Dodging
 - Level 2.4 Stealth
 + Level 4.2 Spellcasting
 + Level 2.6 Conjurations
 + Level 3.8 Air Magic


You had 5 spell levels left.
You knew the following spells:

 Your Spells              Type           Power      Damage    Failure   Level
a - Shock                 Conj/Air       72%        1d7       3%          1
b - Static Discharge      Conj/Air       18%        N/A       4%          2
c - Swiftness             Air            20%        N/A       8%          3

Your spell library contained the following spells:

 Spells                   Type           Power      Damage    Failure   Level
 Airstrike                Air            10%        N/A       24%         4


Dungeon Overview and Level Annotations

Branches:
Dungeon (2/15)

Altars:


Message History

The adder bites you but does no damage. The adder bites you.
Unknown command.
Your magical contamination has completely faded away.
The adder bites you but does no damage.
Aiming: Shock (safe; 3% risk of failure)
Press: ? - help, Q - select action, (/) - cycle Shift-Dir - straight line, f/p - adder
Aim: an adder (almost dead, 53% to hit)
The zap misses the adder.
The adder barely misses you. The adder bites you. The adder bites you.
The adder misses you.
Aiming: Shock (safe; 3% risk of failure)
Press: ? - help, Q - select action, (/) - cycle Shift-Dir - straight line, f/p - adder
Aim: an adder (severely wounded, 53% to hit)
The zap misses the adder.
The adder bites you but does no damage.
Unknown command.
The adder bites you.
* * * LOW HITPOINT WARNING * * *
You are poisoned.
The adder poisons you!
You feel sick.
You feel sick.
You feel sick. The adder barely misses you.
You feel sick.
You are no longer poisoned.
There is a stone staircase leading up here.
Aiming: Shock (safe; 3% risk of failure)
Press: ? - help, Q - select action, (/) - cycle Shift-Dir - straight line, f/p - adder
Aim: an adder (severely wounded, 53% to hit)
That beam is likely to hit you.
Continue anyway?
Okay, then.
An adder is nearby!
The adder bites you.
* * * LOW HITPOINT WARNING * * *
The adder bites you.
* * * LOW HITPOINT WARNING * * *
You are lethally poisoned!
The adder poisons you!
You die...

##.####### #.#####.#............†
......)..###.......######.#######
##.#####........#### ##.## ##.#
###.#.##.# #...# ...# #.#.##.#
#...# #### #.#.##.# #...#
#######......# #...#
##..........###### #...#
#.....##.###<.@..#####...######
#.....##.# #S###...............
#........###.................(.
#.....##....####.).>...........
##.....##.#.#####.#####...######
#.........#.......# #...#
##.#####.###.####### #...#
..†#####.###.# #...#
##.##..<.....# #...#


You could see an adder.

Vanquished Creatures
  Robin (D:2)
  3 dart slugs (D:2)
  3 bats
  6 endoplasms
  A giant cockroach (D:2)
  14 goblins
  11 hobgoblins
  3 kobolds
  4 quokkas (D:1)
  3 frilled lizards
  5 rats (D:1)
54 creatures vanquished.

Vanquished Creatures (others)
  3 fungi (D:2)
  6 plants (D:2)
9 creatures vanquished.

Grand Total: 63 creatures vanquished

Notes
Turn   | Place    | Note
-------+----------+-------------------------------------------
     0 | D:1      | siradein the Deep Elf Air Elementalist began the quest for
                  | the Orb.
     0 | D:1      | Reached XP level 1. HP: 10/10 MP: 6/6
   165 | D:1      | Reached XP level 2. HP: 15/15 MP: 4/8
   488 | D:1      | Reached XP level 3. HP: 17/19 MP: 2/10
   899 | D:1      | Learned a level 2 spell: Static Discharge
   903 | D:1      | Learned a level 3 spell: Swiftness
  1085 | D:2      | Noticed Robin
  1091 | D:2      | Killed Robin
  1092 | D:2      | Reached skill level 4 in Spellcasting
  1408 | D:2      | Reached XP level 4. HP: 24/24 MP: 8/12
  1630 | D:2      | HP: 1/24 [adder (1)]
  1631 | D:2      | Succumbed to an adder's poison

Illustrated notes

Levels and vault maps discovered:
D:1:      wheals_arrival_linesprint, layout_rooms
D:2:      layout_loops_cross, shapermc_ecumenical_altar_mp_ritualfount,
          uniq_robin

Skill      XL: |  1  2  3 |
---------------+----------+-----
Conjurations   | 2 |  2.6
Spellcasting   | 4 |  4.2
Dodging        | |  2.4
Stealth        | |  2.4
Air Magic      | |  3.8

Action                   |  1- 3 |  4- 6 || total
-------------------------+-------+-------++-------
 Cast: Shock             |    84 |    22 ||   106
Armor: Robe              |     2 |     6 ||     8
Dodge: Dodged            |     2 |     9 ||    11

Table legend: (Time is in decaauts)
 A = Elapsed time spent in this place.
 B = Non-inter-level travel time spent in this place.
 C = Inter-level travel time spent in this place.
 D = Time resting spent in this place.
 E = Time spent auto-exploring this place.
 F = Levels seen in this place.
 G = Mean time per level.
                   A        B        C        D        E       F      G
               +--------+--------+--------+--------+--------+-----+--------+
         Total |   1630 |   1555 |     75 |      0 |   1279 |   2 |  815.0 |
       Dungeon |   1630 |   1555 |     75 |      0 |   1279 |   2 |  815.0 |
               +--------+--------+--------+--------+--------+-----+--------+

Top non-repeatable levels by time:
     D:1: 978 daAuts
     D:2: 652 daAuts
